 Dungeon Crawl Stone Soup version 0.29-a0-40-g8eb35efe60 (webtiles) character file.

Game seed: 18148573020807346289

2 Hubjo the Grasshopper (level 1, -1/16 HPs)
             Began as a Vampire Warper on Feb 1, 2022.
             Frozen to death by an endoplasm (3 damage)
             ... on level 1 of the Dungeon.
             The game lasted 00:00:10 (40 turns).

Hubjo the Grasshopper (Vampire Warper)                Turns: 40, Time: 00:00:10

Health: -1/16      AC:  3    Str: 10    XL:     1   Next: 25%
Magic:  3/3        EV: 11    Int: 15    God:
Gold:   0          SH:  0    Dex: 13    Spells: 4/4 levels left

rFire   . . .      SeeInvis +   a - +0 short sword
rCold   . . .      Faith    .   (no shield)
rNeg    . . .      Spirit   .   b - +0 leather armour
rPois   .          Reflect  .   (no helmet)
rElec   .          Harm     .   (no cloak)
rCorr   .          Rampage  .   (no gloves)
Will    .....                   (no boots)
Stlth   +.........              (no amulet)
HPRegen 0.25/turn               (no ring)
MPRegen 0.08/turn               (no ring)

@: healing quickly
A: alive, fangs 3, see invisible, vampiric 1
a: Exsanguinate


You were on level 1 of the Dungeon.
You visited 1 branch of the dungeon, and saw 1 of its levels.

Inventory:

Hand Weapons
 a - a +0 short sword (weapon)
Missiles
 d - 5 boomerangs of dispersal (quivered)
Armour
 b - a +0 leather armour (worn)
Scrolls
 c - a scroll of blinking


   Skills:
 + Level 1.9 Fighting
 + Level 2.1 Short Blades
 + Level 0.7 Throwing
 + Level 0.7 Armour
 + Level 2.1 Dodging
 + Level 2.0 Spellcasting
 + Level 2.4 Translocations


You had 4 spell levels left.
You didn't know any spells.
Your spell library contained the following spells:

 Spells                   Type           Power      Damage    Failure   Level
 Blink                    Tloc           16%        N/A       17%         2
 Gell's Gravitas          Tloc           8%         N/A       32%         3
 Lesser Beckoning         Tloc           8%         N/A       32%         3
 Teleport Other           Tloc           8%         N/A       32%         3
 Manifold Assault         Tloc           8%         N/A       97%         5


Dungeon Overview and Level Annotations

Branches:
Dungeon (1/15)

Altars:


Innate Abilities, Weirdness & Mutations

Your natural rate of healing is accelerated.
You have razor-sharp teeth.
You have supernaturally acute eyesight. (SInv)
You are afflicted with vampirism.


Message History

A ball python comes into view.
Found a whip.
Found a stone staircase leading down.
The ball python hisses angrily.
There is an open gate here.
Found a hand axe.
A rat comes into view.
A hobgoblin comes into view.
Found a robe and a short sword.
The ball python bites you. The ball python closely misses you.
You hit the ball python.
You kill the ball python!
The hobgoblin shouts!
The rat twitches its whiskers.
An endoplasm comes into view.
The endoplasm quivers.
The rat barely misses you.
You hit the rat but do no damage. The rat bites you but does no damage.
You closely miss the rat. The rat closely misses you.
You hit the rat but do no damage. The rat misses you.
You hit the rat but do no damage. The rat misses you.
The hobgoblin barely misses you.
You closely miss the rat. The rat misses you. The hobgoblin hits you.
You barely miss the rat. The rat bites you. The hobgoblin hits you.
You closely miss the rat. The rat closely misses you.
The endoplasm freezes you.
You are frozen.
The hobgoblin hits you but does no damage.
You hit the rat.
You kill the rat!
The hobgoblin completely misses you. The endoplasm misses you.
Found a coppery potion.
The endoplasm freezes you.
You are frozen.
The hobgoblin hits you.
* * * LOW HITPOINT WARNING * * *
You see here a rat corpse.
You hit the hobgoblin.
The hobgoblin is moderately wounded.
The endoplasm freezes you.
You are frozen.
You die...

.....###)..# .....
.....# ....##....# #
...#....[### ###
#.........! ###..
####...#...# ###....
#.....gJ..# ###......
#..>@...#####......##
#.##.#...'.......####
#......'.....### #
####...'.......####
#..#####......## ##..
###...... #.##
###.... #)# ###.. #.
###


You could see an endoplasm and a hobgoblin.

Vanquished Creatures
  A ball python (D:1)
  A rat (D:1)
2 creatures vanquished.

Notes
Turn   | Place    | Note
-------+----------+-------------------------------------------
     0 | D:1      | Hubjo the Vampire Warper began the quest for the Orb.
     0 | D:1      | Reached XP level 1. HP: 16/16 MP: 3/3
    40 | D:1      | Frozen to death by an endoplasm

Illustrated notes

Levels and vault maps discovered:
D:1:      lemuel_arrival_funnel, layout_basic

Action                   || total
-------------------------++-------
Melee: Short sword       ||    10
Armor: Leather armour    ||     2
Dodge: Dodged            ||    10

Table legend: (Time is in decaauts)
 A = Elapsed time spent in this place.
 B = Non-inter-level travel time spent in this place.
 C = Inter-level travel time spent in this place.
 D = Time resting spent in this place.
 E = Time spent auto-exploring this place.
 F = Levels seen in this place.
 G = Mean time per level.
                   A        B        C        D        E       F      G
               +--------+--------+--------+--------+--------+-----+--------+
         Total |     40 |     40 |      0 |      0 |     24 |   1 |   40.0 |
       Dungeon |     40 |     40 |      0 |      0 |     24 |   1 |   40.0 |
               +--------+--------+--------+--------+--------+-----+--------+

Top non-repeatable levels by time:
     D:1: 40 daAuts
